 Dungeon Crawl Stone Soup version 0.20.1-1-g8b1a95d (webtiles) character file.

133 Inkary the Cudgeler (level 4, 0/40 HPs)
             Began as a Minotaur Fighter on Oct 7, 2017.
             Succumbed to an adder's poison
             ... on level 3 of the Dungeon.
             The game lasted 00:03:56 (1856 turns).

Inkary the Cudgeler (Minotaur Fighter)              Turns: 1856, Time: 00:03:57

Health: 0/40       AC:  6    Str: 21    XL:     4   Next: 94%
Magic:  3/3        EV:  7    Int:  5    God:
Gold:   83         SH:  9    Dex: 10    Spells: 3/3 levels left

rFire    . . .     SeeInvis .   a - +0 flail
rCold    . . .     Gourm    .   c - +0 shield
rNeg     . . .     Faith    .   b - +0 scale mail
rPois    .         Spirit   .   (helmet restricted)
rElec    .         Reflect  .   (no cloak)
rCorr    .         Harm     .   (no gloves)
MR       .....                  (no boots)
Stlth    ..........             (no amulet)
Regen    0.2/turn               (no ring)
MPRegen  0.1/turn               (no ring)

@: lethally poisoned (0 -> -1), berserk cooldown, slowed, very slow
A: retaliatory headbutt, horns 2
a: no special abilities


You were on level 3 of the Dungeon.
You were not hungry.

You visited 1 branch of the dungeon, and saw 3 of its levels.

You collected 83 gold pieces.

Inventory:

Hand Weapons
 a - a +0 flail (weapon)
Armour
 b - a +0 scale mail (worn)
 c - a +0 shield (worn)
Scrolls
 g - 2 scrolls of identify {unknown}
 h - a scroll of random uselessness {unknown}
 j - a scroll of enchant armour {unknown}
 k - a scroll of enchant weapon {unknown}
 l - 3 scrolls of teleportation {unknown}
 m - a scroll of remove curse {unknown}
Potions
 d - a potion of might
 e - a potion of mutation {unknown}
 i - a potion of resistance {unknown}
 n - a potion of brilliance {unknown}
 q - a potion of berserk rage
Comestibles
 f - a bread ration
 o - a royal jelly
 p - 3 chunks of flesh


   Skills:
 - Level 3.7 Fighting
 + Level 6.1 Maces & Flails
 - Level 3.6 Armour
 - Level 3.7 Shields


You had 3 spell levels left.
You didn't know any spells.

Dungeon Overview and Level Annotations

Branches:
Dungeon (3/15)

Altars:
Cheibriados
Sif Muna
Vehumet


Innate Abilities, Weirdness & Mutations

You reflexively headbutt those who attack you in melee.
You have a pair of horns on your head.


Message History

You feel sick. The hobgoblin hits you.
* * * LOW HITPOINT WARNING * * *
Drop what? 17/52 slots (_ for help) (? for menu, Esc to quit)
Okay, then.
Okay, then.
It was a potion of berserk rage.
A red film seems to cover your vision as you go berserk!
You feel yourself moving faster!
You feel mighty!
The hobgoblin hits you but does no damage.
Unknown command.
You sock the hobgoblin!
You kill the hobgoblin!
You see here a hobgoblin corpse.
You feel a strong urge to attack something.
* * * LOW HITPOINT WARNING * * *
You feel sick.
You feel your anger subside.
You are no longer berserk.
You are exhausted.
You feel yourself slow down.
You die...

### #<#
#.# #.#
#@# #.#
#.# #.#
###†#
#...#
##'####.(.
#.........
#.........


There were no monsters in sight!

Vanquished Creatures
  2 adders
  4 gnolls (D:2)
  2 oozes (D:2)
  3 worms
  3 dart slugs (D:1)
  3 leopard geckos (D:2)
  4 bats
  2 giant cockroaches (D:1)
  4 goblins
  9 hobgoblins
  2 ball pythons
  3 frilled lizards (D:2)
  5 kobolds
  7 rats
53 creatures vanquished.

Notes
Turn   | Place    | Note
-------+----------+-------------------------------------------
     0 | D:1      | Inkary the Minotaur Fighter began the quest for the Orb.
     0 | D:1      | Reached XP level 1. HP: 19/19 MP: 0/0
   104 | D:1      | Reached skill level 3 in Maces & Flails
   149 | D:1      | Reached XP level 2. HP: 21/27 MP: 1/1
   668 | D:1      | Reached skill level 4 in Maces & Flails
   864 | D:1      | Reached XP level 3. HP: 18/33 MP: 2/2
  1350 | D:2      | Reached skill level 5 in Maces & Flails
  1396 | D:2      | Reached XP level 4. HP: 37/40 MP: 3/3
  1488 | D:2      | Found a snail-covered altar of Cheibriados.
  1488 | D:2      | Found a radiant altar of Vehumet.
  1666 | D:2      | Found a deep blue altar of Sif Muna.
  1751 | D:2      | Reached skill level 6 in Maces & Flails
  1847 | D:3      | HP: 1/40 [hobgoblin (4)]
  1852 | D:3      | HP: 1/60 [poisoned by an adder]
  1856 | D:3      | Succumbed to an adder's poison

Skill      XL: |  1  2  3  4 |
---------------+-------------+-----
Maces & Flails | 3 4 5 6 |  6.1
Fighting       | |  3.7
Armour         | |  3.6
Shields        | |  3.7

Action                   |  1- 3 |  4- 6 || total
-------------------------+-------+-------++-------
Melee: Flail             |    95 |    62 ||   157
       Headbutt          |    14 |     6 ||    20
  Use: Potion            |       |     1 ||     1
  Eat: Chunk             |     2 |     1 ||     3
Armor: Scale mail        |    52 |    22 ||    74
Dodge: Dodged            |    29 |    14 ||    43
Block: Shield            |    45 |    33 ||    78
